 Dungeon Crawl Stone Soup version 0.19-a0-1097-g38e3b35 (webtiles) character file.

80 seren the Slasher (level 4, -1/35 HPs)
             Began as a Formicid Abyssal Knight on Aug 8, 2016.
             Was a Believer of Lugonu.
             Slain by a killer bee zombie (6 damage)
             ... on level 3 of the Dungeon.
             The game lasted 00:09:18 (2719 turns).

seren the Slasher (Formicid Abyssal Knight)         Turns: 2719, Time: 00:09:18

Health: -1/35      AC:  3    Str: 18    XL:     4   Next: 65%
Magic:  5/5        EV:  8    Int: 11    God:    Lugonu [**....]
Gold:   134        SH:  7    Dex: 10    Spells: 0 memorised, 3 levels left

rFire  . . .     SeeInvis +     a - +1 falchion
rCold  . . .     Gourm    .     b - +0 leather armour
rNeg   . . .     Faith    .     s - +0 shield
rPois  .         Spirit   .     (helmet unavailable)
rElec  .         Dismiss  .     (no cloak)
rCorr  +         Reflect  .     (no gloves)
SustAt .         Harm     .     (no boots)
MR     .....                    (no amulet)
Stlth  +.........               (no ring)
                                p - ring of resist corrosion

@:
A: permanent stasis, dig shafts and tunnels, four strong arms, antennae 3
a: Dig, Shaft Self, Depart the Abyss, Bend Space, Renounce Religion


You were on level 3 of the Dungeon.
You worshipped Lugonu.
Lugonu was pleased with you.
You were not hungry.

You visited 1 branch of the dungeon, and saw 3 of its levels.
You visited the Abyss 1 time.

You collected 134 gold pieces.

Inventory:

Hand Weapons
 a - a +1 falchion (weapon)
Missiles
 f - 60 stones (quivered)
Armour
 b - a +0 leather armour (worn)
 r - a +0 scale mail
 s - a +0 shield (worn)
Jewellery
 p - a ring of resist corrosion (left hand)
Scrolls
 d - a scroll of enchant weapon {unknown}
 e - a scroll of enchant armour {unknown}
 g - a scroll of immolation {unknown}
 k - 5 scrolls of identify {unknown}
 l - a scroll of remove curse {unknown}
 o - a scroll of blinking {unknown}
Potions
 i - a potion of agility {unknown}
 j - a potion of haste {unknown}
 n - a potion of magic {unknown}
 t - a potion of degeneration {unknown}
Comestibles
 c - 2 bread rations
 m - 3 chunks of flesh
 q - a slice of pizza


   Skills:
 - Level 3.2 Fighting
 + Level 4.4 Long Blades
 - Level 2.1 Armour
 - Level 0.8 Dodging
 - Level 2.3 Invocations


You had 3 spell levels left.
You didn't know any spells.

Dungeon Overview and Level Annotations

Branches:
Dungeon (3/15)

Altars:
Fedhas


Innate Abilities, Weirdness & Mutations

You are under a permanent stasis effect.
You can dig through walls and to a lower floor.
Your four strong arms can wield two-handed weapons with a shield.
You have a pair of large antennae on your head. (SInv)


Message History

You block the killer bee zombie's attack.
The killer bee zombie hits you!
* * * LOW HITPOINT WARNING * * *
You hit the killer bee zombie.
The killer bee zombie is almost destroyed.
You block the killer bee zombie's attack.
The killer bee zombie barely misses you.
You riposte.
Your shield and leather armour prevent you from hitting the killer bee zombie.
The killer bee zombie is almost destroyed.
You barely miss the killer bee zombie.
The killer bee zombie is almost destroyed.
The killer bee zombie hits you but does no damage.
You block the killer bee zombie's attack.
You hit the killer bee zombie but do no damage.
The killer bee zombie is almost destroyed.
The killer bee zombie hits you.
* * * LOW HITPOINT WARNING * * *
The killer bee zombie hits you.
You die...

#..#.##...# #.#.##..##.##
#.........######....#.......
#.......#.#.................
##..#.#.#.#.####....#.......
#...###..#.# #.#.##.......
#..## ##.#.# #.#.##.......
#.## ##..# ##...##.......
#..## ##.#####.............
#.#.###.#.@Z...#####.<#####
##.#.#.#..###..# #..#
#.)#.#)..# #..# #..#
#...#.##.###..# #..#
#....###......#####..#
#..#.# ###.##........#
#....# #.#####.###.# #...##
#.# #.# #.# ###.# #.# #.#
#.#


You could see a killer bee zombie.

Vanquished Creatures
  2 adders
  A worm (D:2)
  A dart slug (D:1)
  3 giant geckos
  2 orcs (D:3)
  5 bats
  5 giant cockroaches
  5 goblins
  7 hobgoblins
  2 jackals (D:2)
  A quokka (D:2)
  3 giant newts
  4 kobolds
  7 rats
48 creatures vanquished.

Notes
Turn   | Place    | Note
-------+----------+-------------------------------------------
     0 | Abyss:1  | seren the Formicid Abyssal Knight began the quest for the Orb.
     0 | Abyss:1  | Reached XP level 1. HP: 18/18 MP: 2/2
    46 | Abyss:1  | Noticed a tentacled starspawn
    48 | D:1      | Escaped the Abyss
   110 | D:1      | Reached XP level 2. HP: 24/24 MP: 3/3
   201 | D:1      | Reached * piety under Lugonu
   369 | D:1      | Reached skill level 3 in Long Blades
   717 | D:1      | Reached XP level 3. HP: 26/29 MP: 4/4
  1429 | D:2      | Reached XP level 4. HP: 30/35 MP: 5/5
  1612 | D:2      | Reached ** piety under Lugonu
  1670 | D:2      | Reached skill level 4 in Long Blades
  1885 | D:3      | Found a blossoming altar of Fedhas.
  2719 | D:3      | Slain by a killer bee zombie

Vault maps used:
D:1:      lemuel_arrival_rhombus, serial_bayou_lagoon_a
D:2:      st_stairs_7, minmay_misc_feat_plants
D:3:      fedhas_altar_3, first_bread, st_stairs_14

Skill      XL: |  1  2  3  4 |
---------------+-------------+-----
Long Blades    | 3 4 |  4.4
Fighting       | |  3.2
Armour         | |  2.1
Dodging        | |  0.8
Invocations    | |  2.3

Action                   |  1- 3 |  4- 6 || total
-------------------------+-------+-------++-------
Melee: Falchion          |   102 |   113 ||   215
Invok: Depart the Abyss  |     1 |       ||     1
 Abil: Dig               |     1 |       ||     1
  Use: Potion            |       |     2 ||     2
  Eat: Chunk             |     1 |     5 ||     6
Armor: Leather armour    |    18 |    21 ||    39
Dodge: Dodged            |    46 |    36 ||    82
Block: Shield            |       |    17 ||    17
